 Dungeon Crawl Stone Soup version 0.31-a0-984-gbfb7dba898 (webtiles) character file.

Game seed: 14891293606428798627

13 BinkBink the Trooper (level 2, 0/19 HPs)
             Began as a Gargoyle Monk on Nov 3, 2023.
             Slain by Natasha (3 damage)
             ... on level 2 of the Dungeon.
             The game lasted 00:00:24 (424 turns).

BinkBink the Trooper (Gargoyle Monk)                 Turns: 424, Time: 00:00:24

Health: 0/19       AC:  4    Str: 14    XL:     2   Next: 37%
Magic:  2/2        EV: 12    Int: 10    God:
Gold:   32         SH:  0    Dex: 12    Spells: 1/1 levels left

rFire   . . .        a - +0 mace
rCold   . . .        d - orb {light}
rNeg    + . .        b - +0 robe
rPois   ∞            (no helmet)
rElec   +            (no cloak)
rCorr   .            (no gloves)
SInv    .            (no boots)
Will    .....        (no amulet)
Stlth   +            (no ring)
HPRegen 0.23/turn    (no ring)
MPRegen 0.08/turn

%: no passive effects
@: glowing
A: sickness immunity, AC +2, negative energy resistance 1, electricity
resistance, torment resistance 1, petrification resistance
a: no special abilities


You were on level 2 of the Dungeon.
You visited 1 branch of the dungeon, and saw 2 of its levels.

You collected 32 gold pieces.

Inventory:

Hand Weapons
 a - a +0 mace (weapon)
Armour
 b - a +0 robe (worn)
 d - an orb of light (worn)
Jewellery
 e - a ring of magical power
 f - an amulet of the acrobat
 h - an amulet of magic regeneration
Potions
 c - a potion of ambrosia
 g - a potion of curing {unknown}
 i - 2 potions of brilliance {unknown}


   Skills:
 + Level 3.5 Fighting
 + Level 3.2 Maces & Flails
 + Level 2.6 Dodging


You had one spell level left.
You didn't know any spells.
Your spell library contained the following spells:

 Spells                   Type           Power      Damage    Failure   Level
 Inner Flame              Hex/Fire       0%         N/A       75%         3
 Yara's Violent Unravell  Hex/Tmut       0%         3d3       100%        5
 Enfeeble                 Hex            0%         N/A       100%        7


Dungeon Overview and Level Annotations

Branches:
Dungeon (1/15)

Altars:

Annotations:
D:2 Natasha


Innate Abilities, Weirdness & Mutations

You are immune to sickness and miasma.
Your stone body is resilient. (AC +2)
You are immune to poison.
You resist negative energy. (rN+)
You are resistant to electric shocks. (rElec)
You are resistant to unholy torment.
You are immune to petrification.


Message History

You are too injured to fight recklessly!
You are too injured to fight recklessly!
You are too injured to fight recklessly!
You hit the endoplasm.
The endoplasm is severely wounded.
The endoplasm hits you but does no damage.
You thump the endoplasm!
You kill the endoplasm!
The goblin shoots a sling bullet.
The sling bullet barely misses you.
The goblin shoots a sling bullet.
The sling bullet barely misses you.
The goblin unwields a +0 sling.
The goblin wields a +0 club.
The goblin barely misses you.
You hit the goblin.
You kill the goblin!
Things that are here:
a +0 club; a +0 sling HP restored.
Found a stone staircase leading down.
Natasha, Servant of Life and Death comes into view.
Found a ring mail.
A bat comes into view.
There are monsters nearby!
There are monsters nearby!
There are monsters nearby!
An adder comes into view.
The adder hisses angrily.
The bat hits you. The adder misses you.
You hit Natasha.
Natasha is moderately wounded.
The bat hits you but does no damage. Natasha claws you!
The adder bites you but does no damage. Natasha casts a spell at you.
The magic dart hits you!
* * * LOW HITPOINT WARNING * * *
You barely miss Natasha.
Natasha is moderately wounded.
The adder barely misses you. The bat barely misses you.
The adder completely misses you. Natasha claws you.
You die...
Natasha begins licking her fur clean.

...#
########......#
...# .# #...)..#
#### ..# #......#
#..## ###...##
.....#### #...#
......[.# ##.##
........# #.#
......hS# #.#
......b@#######.#
..........#.....#
...######...#####
. #>### #.# #.#
#.# #.# #..


You could see Natasha, an adder and a bat.

Vanquished Creatures
  An adder (D:2)
  An endoplasm (D:2)
  A goblin (D:2)
  A bat (D:2)
4 creatures vanquished.

Notes
Turn   | Place    | Note
-------+----------+-------------------------------------------
     0 | D:1      | BinkBink the Gargoyle Monk began the quest for the Orb.
     0 | D:1      | Reached XP level 1. HP: 14/14 MP: 1/1
    29 | D:1      | You fall into a shaft and drop 1 floor!
   200 | D:2      | Reached XP level 2. HP: 19/19 MP: 2/2
   420 | D:2      | Noticed Natasha
   424 | D:2      | Slain by Natasha

Illustrated notes

Levels and vault maps discovered:
D:1:      co_arrival_two_rings, layout_basic
D:2:      layout_basic, uniq_crazy_yiuf_cottage, uniq_natasha

Action                     || total
---------------------------++-------
  Melee: Mace              ||    11
 Armour: Robe              ||    14
  Dodge: Dodged            ||    12

Table legend: (Time is in decaauts)
 A = Elapsed time spent in this place.
 B = Non-inter-level travel time spent in this place.
 C = Inter-level travel time spent in this place.
 D = Time resting spent in this place.
 E = Time spent auto-exploring this place.
 F = Levels seen in this place.
 G = Mean time per level.
                   A        B        C        D        E       F      G
               +--------+--------+--------+--------+--------+-----+--------+
         Total |    426 |    426 |      0 |      0 |    382 |   2 |  213.0 |
       Dungeon |    426 |    426 |      0 |      0 |    382 |   2 |  213.0 |
               +--------+--------+--------+--------+--------+-----+--------+

Top non-repeatable levels by time:
     D:2: 397 daAuts
     D:1: 29 daAuts
